Map: Dusk Towers

Players

Fropez - Winner!

  • Race: Protoss Protoss
  • League: Silver
  • Spawn Location: 1:00

Velvet

  • Race: Terran Terran
  • League: Silver
  • Spawn Location: 7:00

VOD

Have the link to the VOD?

Description

Time

  • Played on: May 11, 2016, 12:27 p.m.
  • Length: 6:17
Show
View Real Time Build Order
Export as new Build Order

Fropez Protoss - Winner!

Build Orders:  

Get SALT Encoding   

  12  0:01  Probe (Chrono Boost)  
  13  0:17  Pylon  
  13  0:20  Probe (Chrono Boost)  
  14  0:31  Assimilator  
  14  0:39  Gateway  
  14  0:44  Probe (Chrono Boost)  
  15  0:55  Probe (Chrono Boost)  
  16  1:05  Probe (Chrono Boost)  
  17  1:12  Pylon  
  17  1:16  Pylon, Probe (Chrono Boost)  
  18  1:31  Cybernetics Core  
  18  1:34  Probe (Chrono Boost)  
  18  1:35  Assimilator  
  19  1:44  Probe (Chrono Boost)  
  20  1:55  Probe (Chrono Boost)  
  22  2:11  Pylon, Mothership Core (Chrono Boost)  
  22  2:13  Warp Gate (Chrono Boost)  
  23  2:16  Gateway  
  23  2:31  Probe (Chrono Boost)  
  24  2:42  Probe (Chrono Boost)  
  25  2:45  Stargate  
  25  2:53  Probe (Chrono Boost)  
  25  2:57  Pylon  
  26  3:01  Gateway  
  26  3:04  Probe (Chrono Boost)  
  27  3:15  Probe (Chrono Boost)  
  27  3:18  Pylon  
  28  3:26  Gateway  
  28  3:29  Probe (Chrono Boost)  
  29  3:42  Gateway  
  29  4:00  Oracle (Chrono Boost)  
  32  4:13  Probe  
  33  4:30  Adept x3  
  39  4:31  Adept, Nexus  
  41  4:41  Probe  
  37  5:59  Adept  
  37  6:00  Adept x3  
Show
View Real Time Build Order
Export as new Build Order

Velvet Terran 

Build Orders: Command Center First (CC), Reaper Expand 

Get SALT Encoding   

  12  0:01  SCV  
  13  0:13  SCV  
  14  0:22  Supply Depot  
  14  0:25  SCV  
  15  0:58  Command Center  
  15  1:00  SCV  
  16  1:15  Barracks  
  16  1:19  Barracks  
  16  1:22  SCV  
  17  1:30  Refinery  
  17  1:35  SCV  
  18  1:42  Supply Depot  
  18  1:56  SCV  
  19  2:09  Orbital Command  
  19  2:15  Reaper  
  20  2:28  Barracks  
  20  2:35  SCV, Barracks  
  21  2:44  Orbital Command  
  21  2:50  Reaper  
  22  2:52  SCV  
  23  3:06  SCV  
  24  3:14  Factory  
  24  3:19  SCV  
  25  3:20  Refinery  
  25  3:22  Refinery  
  25  3:29  Barracks Tech Lab  
  25  3:47  Refinery  
  25  4:00  Stimpack  
  25  4:01  Marauder  
  27  4:06  Marine x2  
  27  4:07  Widow Mine  
  31  4:15  SCV x2  
  31  4:16  Bunker  
  33  4:22  Marauder  
  35  4:25  Barracks Reactor  
  35  4:26  Barracks Reactor  
  35  4:28  SCV  
  36  4:35  SCV, Widow Mine  
  39  4:40  SCV  
  40  4:47  SCV  
  43  4:52  Marauder  
  43  4:59  Starport  
  23  5:55  SCV  
  24  6:02  SCV  
  24  6:14  Engineering Bay  
Tags
 
Add a new tag
Caveats
  • Supply blocks, unpowered buildings, or Contaminate may cause inaccurate times.
  • Supply counts are checked every 10 seconds.